[ AOE2 MATCH · #506404725 ]
UnrankedVikings vs Khitans
Player's team · WIN
Rival team · LOSS
[ REPLAY ANALYSIS · EXTRACTED FROM THE RECORDED GAME ]
Feudal
10:32
Castle
22:05
Imperial
33:23
| APM avg | 75.0 |
| APM peak | 113 |
| eAPM avg | 29.5 |
| Villagers / military | 122 / 108 |
Focus
⚔️ 46.9% · 🌾 53.1%
Archer ×92 · Spearman ×6 · Militia ×5 · Monk ×4 · Trebuchet (Packed) ×1
Feudal
8:26
Castle
20:51
Imperial
—
| APM avg | 67.5 |
| APM peak | 102 |
| eAPM avg | 30.8 |
| Villagers / military | 112 / 66 |
Focus
⚔️ 44.0% · 🌾 56.0%
Scout Cavalry ×41 · Camel Scout ×7 · Steppe Lancer ×7 · Iron Pagoda ×6 · Scorpion ×2 · Skirmisher ×2
Match map
Initial resources + every placement click. Lines = walls · curves = elevation contours. ◆ gold · ⬟ stone · ● berries · ✦ relic · ◌ wall gap
Your base· ✓ Closed at 22:05 · 57t walls · 1 gate(s)
RoR | kei's base· ✓ Closed at 20:51 · 34t walls · no gate
Smoothed initial terrain · ◌ = detected wall gap · hover for details
Inputs per minute
— Macluffy - - RoR | kei
Build order — Macluffy
First 150 of 365 actions detected
| 0:01 | Create | Villager (Male) |
| 0:01 | Create | Villager (Male) |
| 0:02 | Build | House |
| 0:03 | Build | House |
| 0:07 | Create | Villager (Male) |
| 0:11 | Create | Villager (Male) |
| 1:26 | Create | Villager (Male) |
| 1:55 | Build | Lumber Camp |
| 1:57 | Create | Villager (Male) |
| 2:15 | Create | Villager (Male) |
| 2:15 | Create | Villager (Male) |
| 2:48 | Create | Villager (Male) |
| 3:18 | Create | Villager (Male) |
| 3:25 | Create | Villager (Male) |
| 3:50 | Build | House |
| 3:52 | Create | Villager (Male) |
| 4:31 | Build | Barracks |
| 4:34 | Create | Villager (Male) |
| 4:35 | Create | Villager (Male) |
| 5:07 | Create | Villager (Male) |
| 5:22 | Build | House |
| 5:23 | Create | Militia |
| 5:27 | Build | House |
| 5:38 | Create | Villager (Male) |
| 5:44 | Create | Militia |
| 5:45 | Create | Militia |
| 5:51 | Build | Palisade Wall |
| 6:08 | Create | Militia |
| 6:10 | Create | Villager (Male) |
| 6:21 | Build | Mill |
| 6:22 | Create | Villager (Male) |
| 6:34 | Build | House |
| 6:42 | Create | Villager (Male) |
| 6:58 | Build | House |
| 7:01 | Build | Palisade Wall |
| 7:06 | Create | Villager (Male) |
| 7:12 | Research | Loom |
| 7:14 | Create | Villager (Male) |
| 8:15 | Research | Feudal Age |
| 9:14 | Build | House |
| 9:16 | Build | Palisade Wall |
| 9:17 | Build | Mining Camp |
| 10:11 | Create | Militia |
| 10:23 | Build | Palisade Wall |
| 10:32 | Age | Feudal Age |
| 10:34 | Create | Villager (Male) |
| 10:38 | Build | Archery Range |
| 10:50 | Research | Man-at-Arms (upgrade) |
| 10:51 | Create | Villager (Male) |
| 11:08 | Create | Villager (Male) |
| 11:16 | Build | House |
| 11:24 | Create | Villager (Male) |
| 11:27 | Build | House |
| 11:33 | Create | Archer |
| 11:34 | Create | Villager (Male) |
| 11:38 | Research | Double-Bit Axe |
| 11:39 | Research | Double-Bit Axe |
| 11:41 | Research | Horse Collar |
| 11:44 | Create | Spearman |
| 11:51 | Create | Villager (Male) |
| 12:00 | Create | Villager (Male) |
| 12:07 | Build | House |
| 12:11 | Build | Farm |
| 12:15 | Research | Arson |
| 12:25 | Build | Palisade Wall |
| 12:35 | Create | Archer |
| 12:38 | Create | Spearman |
| 12:39 | Build | Palisade Wall |
| 12:45 | Create | Spearman |
| 12:54 | Build | Farm |
| 12:55 | Create | Villager (Male) |
| 13:11 | Create | Villager (Male) |
| 13:14 | Build | Palisade Wall |
| 13:20 | Build | Farm |
| 13:21 | Build | Farm |
| 13:27 | Create | Archer |
| 13:29 | Build | Palisade Gate |
| 13:31 | Build | House |
| 13:38 | Create | Villager (Male) |
| 13:43 | Build | Palisade Wall |
| 13:49 | Build | House |
| 13:49 | Build | House |
| 13:50 | Create | Archer |
| 13:51 | Create | Villager (Male) |
| 13:57 | Build | Farm |
| 14:16 | Create | Archer |
| 14:27 | Create | Villager (Male) |
| 14:29 | Build | Lumber Camp |
| 14:41 | Create | Spearman |
| 14:57 | Create | Villager (Male) |
| 15:02 | Build | Farm |
| 15:04 | Build | Farm |
| 15:12 | Create | Archer |
| 15:21 | Create | Archer |
| 15:29 | Create | Villager (Male) |
| 15:43 | Build | Blacksmith |
| 15:43 | Create | Villager (Male) |
| 15:51 | Create | Archer |
| 15:52 | Create | Villager (Male) |
| 15:56 | Build | Farm |
| 16:13 | Build | Farm |
| 16:13 | Build | Farm |
| 16:16 | Create | Archer |
| 16:25 | Build | House |
| 16:30 | Create | Archer |
| 16:30 | Create | Villager (Male) |
| 16:38 | Research | Fletching |
| 16:38 | Research | Fletching |
| 16:54 | Create | Archer |
| 16:55 | Create | Villager (Male) |
| 17:11 | Create | Archer |
| 17:11 | Create | Villager (Male) |
| 17:14 | Build | House |
| 17:19 | Build | Farm |
| 17:21 | Build | Market |
| 17:24 | Build | Farm |
| 17:25 | Build | Farm |
| 17:26 | Build | Farm |
| 17:31 | Create | Archer |
| 17:31 | Create | Villager (Male) |
| 17:44 | Create | Archer |
| 17:45 | Create | Villager (Male) |
| 17:48 | Build | House |
| 18:00 | Create | Archer |
| 18:01 | Create | Villager (Male) |
| 18:29 | Build | House |
| 18:31 | Build | Farm |
| 18:53 | Create | Villager (Male) |
| 18:56 | Build | Farm |
| 19:00 | Build | Farm |
| 19:25 | Research | Castle Age |
| 19:26 | Create | Archer |
| 19:41 | Build | Lumber Camp |
| 19:43 | Build | Farm |
| 19:51 | Create | Archer |
| 19:51 | Create | Villager (Male) |
| 20:01 | Create | Villager (Male) |
| 20:04 | Create | Archer |
| 20:24 | Create | Villager (Male) |
| 20:31 | Create | Archer |
| 20:35 | Build | Archery Range |
| 20:50 | Research | Gold Mining |
| 21:07 | Create | Spearman |
| 21:21 | Create | Villager (Male) |
| 21:31 | Create | Archer |
| 21:32 | Create | Villager (Male) |
| 21:37 | Create | Archer |
| 21:38 | Create | Spearman |
| 21:46 | Create | Archer |
| 21:53 | Create | Archer |
Build order — RoR | kei
First 150 of 295 actions detected
| 0:01 | Create | Villager (Male) |
| 0:02 | Build | House |
| 0:03 | Build | House |
| 0:09 | Create | Villager (Male) |
| 0:09 | Create | Villager (Male) |
| 0:12 | Create | Villager (Male) |
| 0:12 | Create | Villager (Male) |
| 1:24 | Create | Villager (Male) |
| 1:24 | Create | Villager (Male) |
| 1:45 | Build | Lumber Camp |
| 2:04 | Create | Villager (Male) |
| 2:04 | Create | Villager (Male) |
| 2:31 | Create | Villager (Male) |
| 2:44 | Create | Villager (Male) |
| 2:44 | Create | Villager (Male) |
| 3:12 | Create | Villager (Male) |
| 3:38 | Create | Villager (Male) |
| 3:38 | Create | Villager (Male) |
| 3:53 | Build | House |
| 4:02 | Create | Villager (Male) |
| 4:16 | Create | Villager (Male) |
| 4:17 | Create | Villager (Male) |
| 4:31 | Build | Mill |
| 4:34 | Create | Villager (Male) |
| 4:34 | Create | Villager (Male) |
| 4:38 | Build | Mill |
| 4:46 | Create | Villager (Male) |
| 4:47 | Create | Villager (Male) |
| 4:47 | Create | Villager (Male) |
| 5:44 | Research | Loom |
| 6:13 | Research | Feudal Age |
| 7:17 | Build | House |
| 7:32 | Build | House |
| 7:46 | Build | Barracks |
| 7:50 | Build | Palisade Wall |
| 7:52 | Create | Villager (Male) |
| 8:01 | Build | Palisade Wall |
| 8:05 | Create | Villager (Male) |
| 8:25 | Build | Palisade Wall |
| 8:26 | Age | Feudal Age |
| 8:26 | Build | Palisade Wall |
| 8:31 | Create | Villager (Male) |
| 8:43 | Build | Palisade Wall |
| 8:45 | Build | Palisade Wall |
| 8:58 | Build | Palisade Wall |
| 9:01 | Create | Villager (Male) |
| 9:13 | Build | Palisade Wall |
| 9:14 | Build | Palisade Wall |
| 9:19 | Create | Villager (Male) |
| 9:27 | Build | Stable |
| 9:38 | Build | Palisade Wall |
| 9:46 | Create | Villager (Male) |
| 10:06 | Build | House |
| 10:12 | Create | Scout Cavalry |
| 10:12 | Create | Scout Cavalry |
| 10:19 | Build | Palisade Wall |
| 10:29 | Research | Double-Bit Axe |
| 10:29 | Research | Double-Bit Axe |
| 10:45 | Create | Villager (Male) |
| 11:00 | Create | Scout Cavalry |
| 11:01 | Create | Villager (Male) |
| 11:06 | Build | Archery Range |
| 11:18 | Create | Villager (Male) |
| 11:42 | Create | Scout Cavalry |
| 11:49 | Build | Pasture |
| 11:54 | Create | Scout Cavalry |
| 12:08 | Build | Pasture |
| 12:10 | Create | Skirmisher |
| 12:27 | Build | House |
| 12:29 | Create | Villager (Male) |
| 12:57 | Create | Scout Cavalry |
| 13:00 | Build | Pasture |
| 13:03 | Create | Villager (Male) |
| 13:18 | Build | Pasture |
| 13:19 | Build | Pasture |
| 13:23 | Create | Villager (Male) |
| 13:48 | Create | Villager (Male) |
| 13:52 | Build | Pasture |
| 14:15 | Build | House |
| 14:20 | Build | Blacksmith |
| 14:26 | Build | Mining Camp |
| 14:26 | Create | Villager (Male) |
| 14:46 | Create | Villager (Male) |
| 14:50 | Build | House |
| 14:58 | Build | Pasture |
| 15:12 | Build | House |
| 15:13 | Create | Villager (Male) |
| 15:26 | Build | House |
| 15:38 | Create | Villager (Male) |
| 15:46 | Build | Pasture |
| 15:49 | Create | Villager (Male) |
| 15:53 | Create | Villager (Male) |
| 15:55 | Build | House |
| 16:35 | Build | Pasture |
| 16:38 | Build | Palisade Wall |
| 16:48 | Create | Villager (Male) |
| 16:52 | Create | Skirmisher |
| 16:55 | Research | Fletching |
| 17:03 | Build | House |
| 17:05 | Build | Palisade Wall |
| 17:08 | Build | House |
| 17:11 | Create | Villager (Male) |
| 17:18 | Build | Watch Tower |
| 17:30 | Create | Villager (Male) |
| 17:35 | Build | Pasture |
| 17:51 | Build | House |
| 17:52 | Build | House |
| 18:05 | Research | Castle Age |
| 18:24 | Build | Stable |
| 18:26 | Create | Scout Cavalry |
| 18:57 | Create | Scout Cavalry |
| 19:00 | Build | Market |
| 19:07 | Create | Scout Cavalry |
| 19:28 | Create | Scout Cavalry |
| 19:45 | Build | Blacksmith |
| 20:01 | Create | Scout Cavalry |
| 20:22 | Research | Forging |
| 20:30 | Create | Villager (Male) |
| 20:51 | Age | Castle Age |
| 20:54 | Research | Light Cavalry (upgrade) |
| 21:18 | Create | Villager (Male) |
| 21:21 | Research | Iron Casting |
| 21:21 | Research | Iron Casting |
| 21:24 | Create | Villager (Male) |
| 21:36 | Create | Scout Cavalry |
| 21:36 | Create | Scout Cavalry |
| 21:44 | Create | Scout Cavalry |
| 21:50 | Research | Scale Barding Armor |
| 21:50 | Research | Scale Barding Armor |
| 22:00 | Create | Villager (Male) |
| 22:11 | Create | Scout Cavalry |
| 22:36 | Create | Villager (Male) |
| 22:38 | Create | Villager (Male) |
| 23:03 | Create | Villager (Male) |
| 23:04 | Create | Villager (Male) |
| 23:16 | Create | Camel Scout |
| 23:16 | Create | Camel Scout |
| 23:28 | Create | Camel Scout |
| 23:28 | Create | Camel Scout |
| 23:34 | Create | Steppe Lancer |
| 23:34 | Create | Steppe Lancer |
| 23:48 | Build | Town Center |
| 23:48 | Create | Villager (Male) |
| 24:10 | Create | Camel Scout |
| 24:10 | Create | Camel Scout |
| 24:11 | Create | Camel Scout |
| 24:21 | Create | Villager (Male) |
| 24:26 | Create | Villager (Male) |
| 24:31 | Create | Villager (Male) |
| 24:40 | Create | Villager (Male) |
Match timeline
| 4:31 | Macluffy · first_building Barracks |
| 5:51 | Macluffy · wall_segment Palisade Wall x1 |
| 7:01 | Macluffy · wall_segment Palisade Wall x14 |
| 7:46 | RoR | kei · first_building Barracks |
| 7:50 | RoR | kei · wall_segment Palisade Wall x1 |
| 8:01 | RoR | kei · wall_segment Palisade Wall x11 |
| 8:25 | RoR | kei · wall_segment Palisade Wall x1 |
| 8:26 | RoR | kei · age_up feudal |
| 8:26 | RoR | kei · wall_segment Palisade Wall x1 |
| 8:43 | RoR | kei · wall_segment Palisade Wall x1 |
| 8:45 | RoR | kei · wall_segment Palisade Wall x4 |
| 8:58 | RoR | kei · wall_segment Palisade Wall x1 |
| 9:13 | RoR | kei · wall_segment Palisade Wall x1 |
| 9:14 | RoR | kei · wall_segment Palisade Wall x1 |
| 9:16 | Macluffy · wall_segment Palisade Wall x4 |
| 9:27 | RoR | kei · first_building Stable |
| 9:38 | RoR | kei · wall_segment Palisade Wall x2 |
| 10:19 | RoR | kei · wall_segment Palisade Wall x4 |
| 10:23 | Macluffy · wall_segment Palisade Wall x9 |
| 10:32 | Macluffy · age_up feudal |
| 10:38 | Macluffy · first_building Archery Range |
| 11:06 | RoR | kei · first_building Archery Range |
| 12:25 | Macluffy · wall_segment Palisade Wall x12 |
| 12:39 | Macluffy · wall_segment Palisade Wall x6 |
| 13:14 | Macluffy · wall_segment Palisade Wall x11 |
| 13:43 | Macluffy · wall_segment Palisade Wall x1 |
| 16:38 | RoR | kei · wall_segment Palisade Wall x5 |
| 17:05 | RoR | kei · wall_segment Palisade Wall x1 |
| 18:11 | Macluffy · first_market_sell 100 stone |
| 18:12 | Macluffy · first_market_buy 100 food |
| 20:51 | RoR | kei · age_up castle |
| 21:00 | RoR | kei · first_market_buy 100 food |
| 21:47 | RoR | kei · first_market_sell 100 wood |
| 22:05 | Macluffy · age_up castle |
| 25:17 | RoR | kei · first_building Siege Workshop |
| 25:24 | Macluffy · first_building Monastery |
| 31:27 | Macluffy · first_building Castle |
| 31:40 | RoR | kei · first_building Monastery |
| 33:23 | Macluffy · age_up imperial |
| 35:17 | RoR | kei · resign |
[ AI ANALYSIS · 1 CREDIT ]
What really happened in this match?
Wolo.gg analyzes every decision: build order, eco, micro, common mistakes by bracket. Personalized analysis on WhatsApp or Discord in 30 seconds.
Civ guide
Vikings
Perfil
Jugador #453821